 Dungeon Crawl Stone Soup version 0.27.1-3-gb3d3a73c9e (webtiles) character file.

Game seed: 17414220051536081310

67 earthworldpsion the Ruffian (level 3, -6/54 HPs)
             Began as a Troll Berserker on Oct 17, 2021.
             Was a Believer of Trog.
             Mangled by Terence (10 damage)
             ... on level 2 of the Dungeon.
             The game lasted 00:05:13 (1086 turns).

earthworldpsion the Ruffian (Troll Berserker)       Turns: 1086, Time: 00:05:14

Health: -6/54      AC:  4    Str: 26    XL:     3   Next: 98%
Magic:  2/2        EV: 10    Int:  3    God:    Trog [**....]
Gold:   15         SH:  0    Dex:  9    Spells: 2/2 levels left

rFire    . . .     SeeInvis .     - Unarmed
rCold    . . .     Faith    .   (no shield)
rNeg     . . .     Spirit   .   a - +0 animal skin
rPois    .         Reflect  .   (helmet restricted)
rElec    .         Harm     .   (no cloak)
rCorr    .         Rampage  .   (gloves unavailable)
Will     .....                  (boots unavailable)
Stlth    ..........             (no amulet)
HPRegen  1.18/turn              (no ring)
MPRegen  0.08/turn              (no ring)

@: berserking, very quick
A: large, unfitting armour, claws 3, regeneration 1, shaggy fur 1, tough skin 1
a: Renounce Religion, Berserk, Trog's Hand


You were on level 2 of the Dungeon.
You worshipped Trog.
Trog was pleased with you.
You visited 1 branch of the dungeon, and saw 2 of its levels.

You collected 15 gold pieces.

Inventory:

Missiles
 f - 17 poisoned darts (quivered)
 i - 8 boomerangs
Armour
 a - a +0 animal skin (worn)
Magical Staves
 k - a staff of death
Scrolls
 b - 3 scrolls of identify {unknown}
 g - a scroll of magic mapping {unknown}
 j - a scroll of silence {unknown}
 l - a scroll of acquirement {unknown}
 m - a scroll of brand weapon {unknown}
Potions
 c - a potion of magic {unknown}
 e - a potion of lignification {unknown}
 h - a potion of haste {unknown}


   Skills:
 + Level 2.9 Fighting
 + Level 0.1 Throwing
 + Level 3.0 Dodging
 + Level 3.9 Unarmed Combat


You had 2 spell levels left.
You didn't know any spells.
Your spell library was empty.

Dungeon Overview and Level Annotations

Branches:
Dungeon (2/15)

Altars:

Shops:
D:1 ?   D:2 [

Annotations:
D:2 Terence


Innate Abilities, Weirdness & Mutations

You are too large for most types of armour.
You have claws for hands.
Your natural rate of healing is unusually fast.
You are covered in fur. (AC +1)
You have tough skin. (AC +1)


Message History

You closely miss the hobgoblin.
The hobgoblin is almost dead.
The hobgoblin closely misses you.
You closely miss the hobgoblin.
The hobgoblin is almost dead.
The hobgoblin closely misses you.
You scratch the hobgoblin.
You kill the hobgoblin!
Trog accepts your kill.
A rat and Terence come into view.
Terence is wielding a +5 vorpal hand axe and carrying a wand of polymorph (11).
The rat moves out of view.
Found 6 gold pieces.
Terence hits you with a +5 vorpal hand axe.
You barely miss Terence.
Terence hits you with a +5 vorpal hand axe.
You scratch Terence but do no damage. You claw Terence!
Terence is moderately wounded.
Terence hits you with a +5 vorpal hand axe!
You closely miss Terence.
Terence is moderately wounded.
Terence closely misses you.
You scratch Terence.
Terence is heavily wounded.
The rat bites you.
A red film seems to cover your vision as you go berserk!
You feel yourself moving faster!
You feel mighty!
Terence hits you with a +5 vorpal hand axe!
* * * LOW HITPOINT WARNING * * *
The rat bites you.
* * * LOW HITPOINT WARNING * * *
You barely miss the rat.
Terence hits you with a +5 vorpal hand axe!
* * * LOW HITPOINT WARNING * * *
x2 The rat bites you.
* * * LOW HITPOINT WARNING * * *
You scratch Terence but do no damage.
Terence is heavily wounded.
Terence hits you with a +5 vorpal hand axe!
You die...

####### #.)...#
###### #.....# #.....
#.....#
#.....######.....####
#....r@......≈♣.....#
#....@######.♣≈...#.#
#.....
####♣♣≈..♣≈.###
.......
..P♣≈P..≈≈≈.>.
....... ♣≈P≈≈..≈P≈≈♣P
##...#$ ♣≈≈≈≈..≈≈≈P≈≈
....... ♣P≈≈....PP≈≈P
##..... ♣♣≈≈...≈P≈≈≈≈
♣♣≈≈...♣≈≈≈P≈


You could see Terence and a rat.

Vanquished Creatures
  2 adders (D:2)
  A dart slug (D:2)
  A ball python (D:1)
  4 endoplasms (D:1)
  3 giant cockroaches
  3 goblins
  8 hobgoblins
  5 jackals
  A quokka (D:2)
  5 bats
  3 frilled lizards
  A kobold (D:1)
  4 rats (D:1)
41 creatures vanquished.

Vanquished Creatures (others)
  A plant (D:2)
1 creature vanquished.

Grand Total: 42 creatures vanquished

Notes
Turn   | Place    | Note
-------+----------+-------------------------------------------
     0 | D:1      | earthworldpsion the Troll Berserker began the quest for the
                  | Orb.
     0 | D:1      | Reached XP level 1. HP: 22/22 MP: 0/0
    80 | D:1      | Reached XP level 2. HP: 29/29 MP: 1/1
   364 | D:1      | Reached ** piety under Trog
   370 | D:1      | Reached XP level 3. HP: 36/36 MP: 2/2
   415 | D:1      | Found Ahayzobla's Magic Scroll Shoppe.
   932 | D:2      | Found Homeip's Armour Shop.
  1078 | D:2      | Noticed Terence
  1086 | D:2      | Mangled by Terence

Illustrated notes

Levels and vault maps discovered:
D:1:      beargit_arrival_diablo_church, layout_loops_ring, serial_shops, shop,
          minmay_octomino_e4
D:2:      layout_basic, serial_shops, nicolae_square_shop,
          shapermc_ecumenical_altar_acropolis, serial_bayou_ford_a,
          uniq_terence, uniq_natasha, uniq_robin

Skill      XL: |  1  2  3 |
---------------+----------+-----
Dodging        | 3 |  3.0
Fighting       | |  2.9
Throwing       | |  0.1
Unarmed Combat | |  3.9

Action                   || total
-------------------------++-------
Melee: Unarmed           ||    96
       Punch             ||     2
Throw: Dart              ||     4
Invok: Berserk           ||     1
Armor: Animal skin       ||    66
Dodge: Dodged            ||    66
